montu, chaotic male human Wizard ----- ------- |...| ----------- |......#### |....# |..^......|# -----.---r.----- ------- |.....| # |...|# |.........|# ........@......| ##......| |......# ###|...|# #..........-%%#####.u<...0_.......| # |.....| |.....|# #....|# #-----------# --------+-----.- ##|.....| -------# -----# # # ## # |.....| # # # # # # # ------- # # # # ### # ### # # # # # # # # # ### ### # ### # # # # ######## # # # ### # # ########### -.-.--# ### #------# #-----.------ |....-# # #|....|# #|......>...| |....| `###.....|# #...........| |....| # |....|# |..........| ------ ##|.....# ------------ ------ montu the Thaumaturge Experience level: 6 Strength: 12 Dexterity: 11 Constitution: 15 Intelligence: 18 Wisdom: 11 Charisma: 11 Health: 0(64) Energy: 51(51) Def: 1 Gold: 899 Moves: 4255 Dungeon seed: baYihKuAI9M35BGV Game ID: montu_1681353780 Your Inventory: Coins $ - 899 gold pieces Amulets y - a cursed amulet of restful sleep (being worn) Weapons a - a blessed +1 quarterstaff (weapon in hands) k - 7 uncursed +0 crossbow bolts p - 8 uncursed +0 elven arrows M - an uncursed +0 dagger of frost Armor e - an uncursed +0 cloak of magic resistance (being worn) Comestibles i - 4 uncursed food rations t - 2 uncursed slime molds u - 5 uncursed cream pies Z - 3 uncursed food rations Scrolls l - a cursed scroll of light U - an uncursed scroll of enchant weapon Spellbooks D - an uncursed spellbook of magic mapping V - an uncursed spellbook of phase Potions f - an uncursed potion of hallucination g - a blessed potion of sickness R - an uncursed potion of gain energy W - an uncursed potion of water X - a blessed potion of restore ability Rings m - an uncursed ring of invisibility C - an uncursed ring of polymorph control Wands b - a blessed wand of striking (0:5) r - an uncursed wand of slow monster (0:8) w - an uncursed wand of opening (0:5) F - an uncursed wand of light (0:11) Tools d - an uncursed magic marker (0:97) h - an uncursed blindfold x - an uncursed tinning kit (0:93) z - an uncursed magic whistle Q - an uncursed oil lamp (0:0) S - an uncursed skeleton key Gems j - an uncursed aquamarine stone n - an uncursed worthless piece of violet glass o - an uncursed worthless piece of yellow glass q - an uncursed worthless piece of yellowish brown glass N - an uncursed worthless piece of blue glass Y - an uncursed jasper stone Spells and supernatural/magical abilities: Name Level Category Cost Memory a - force bolt 1 attack 8pw 93% l - light 1 divination 12pw 96% m - magic missile 2 attack 16pw 93% u - confuse monster 2 enchantment 16pw 93% w - wizard lock 2 matter 25pw 95% M - magic mapping 5 divination 62pw 95% O - summoning 2 clerical 25pw 93% W - pray for help -- divine ? -- Your skills at the end: Fighting Skills wands [Basic] Weapon Skills dagger [Basic] quarterstaff [Basic] Spellcasting Skills attack spells [Basic] enchantment spells [Basic] Final Attributes: You were piously aligned. You were sleep resistant. You were poison resistant. You were magic resistant. You had restful sleep. You were telepathic. You last prayed 60 turns ago. Anhur was noncommittal. You are dead. Vanquished creatures: 3 small mimics a giant beetle a rock mole 3 ponies a shrieker a Kop Lieutenant 2 gray oozes 3 floating eyes a dwarf a kobold lord a kobold shaman a rabid rat a centipede 4 Kop Sergeants 2 wererats 2 iguanas an acid blob a gas spore a hobbit a large kobold a hobgoblin 2 giant rats 4 cave spiders a green mold a red mold 3 gnomes 7 Keystone Kops 2 geckos 5 jackals a kobold a goblin 2 grid bugs 4 bats 4 lichens 6 newts 76 creatures vanquished. Voluntary challenges: You used a wielded weapon 120 times, starting on turn 97. You read items or engraved 44 times, starting on turn 909. You never genocided any monsters. You never polymorphed an object. You never changed form. You used no wishes. You never split a pudding. You wrote Elbereth's name 2 times, starting on turn 3581. You never violated your personal moral code. Dungeon overview: The Dungeons of Doom: levels 1 to 7 Level 1 a long staircase Level 2 an altar to Thoth, a vault a long staircase Level 3 a bookstore, a sink Level 4 a general store Level 5 some fountains Level 6 a general store Level 7 <- You were here History has recorded: On T:1 you entered the Dungeons of Doom to retrieve the Amulet of Yendor! On T:306 you reached level 2 of The Dungeons of Doom. On T:846 you reached level 3 of The Dungeons of Doom. On T:876 you advanced to experience level 2. On T:1006 you advanced to experience level 3. On T:1225 you reached level 4 of The Dungeons of Doom. On T:1566 you advanced to experience level 4. On T:1831 you reached level 5 of The Dungeons of Doom. On T:2081 you advanced to experience level 5. On T:2658 you reached level 6 of The Dungeons of Doom. On T:3260 you advanced to experience level 6. On T:3622 you reached level 7 of The Dungeons of Doom. Score breakdown: Gold: 899 (10049 points) Experience: 6 levels (12456 points) Exploration: 7 levels ( 14.00%) (10497 points) Discoveries: 10 items ( 3.36%) ( 5495 points) Valuables value: (no points given unless you survive) Artifact value: 0 ( 0 points) Variety of kills: 35 monsters ( 9.21%) ( 9104 points) Turncount: 4255 turns (-1116 points) Survival: died (score multiplied by 80%) Total score: 37188 Latest messages: You kill the rock mole! There is a doorway here. You see here a rock mole corpse. This rock mole corpse tastes terrible! You finish eating the rock mole corpse. [3 turns] [2 turns] (6x) The rabid rat bites! (2x) [2 turns] You hit the rabid rat. The rabid rat bites! You hit the rabid rat! The rabid rat bites! The rabid rat's bite was poisoned! You miss the rabid rat. The rabid rat bites! You fall asleep. The rabid rat bites! You wake up. [2 turns] You hit the rabid rat. The rabid rat bites! The rabid rat's bite was poisoned! You die... Final status: Goodbye montu the Wizard, poisoned by a rabid rat... You died in The Dungeons of Doom on dungeon level 7 with 37188 points, and 899 pieces of gold, after 4255 moves. You were level 6 with a maximum of 64 hit points when you died.